Workbook
Name OLE_LINK1: 'Приложение 5'!$A$7

Sheet Приложение 5
A4: ИНФОРМАЦИЯ
A5: о ресурсном обеспечении реализации государственной программы Приморского края «Информационное общество» на 2013 - 2020 годы за счет средств краевого бюджета (тыс. руб.)
A7: № | B7: Наименование подпрограммы, программы, принятой в соответствии с требованиями федерального законодательства в сфере реализации государственной программы | C7: Ответственный | D7: Код бюджетной | H7: Расходы (тыс. руб.), годы
A8: п/п | C8: исполнитель,
C9: соисполнители | D9: ГРБС | E9: Рз | F9: ЦСР | G9: ВР | H9: 2013 | I9: 2014 | J9: 2015 | K9: 2016 | L9: 2017 | M9: 2018 | N9: 2019 | O9: 2020 | P9: всего
E10: Пр
A11: 1 | B11: 2 | C11: 3 | D11: 4 | E11: 5 | F11: 6 | G11: 7 | H11: 8 | I11: 9 | J11: 10 | K11: 11 | L11: 12 | M11: 13 | N11: 14 | O11: 15 | P11: 16
B12: Государственная программа «Информационное общество» на 2013 – 2020 годы | C12: всего: | D12: Х | E12: Х | F12: Х | G12: Х | H12: =SUM(H13:H21) -> 911665.01 | I12: =SUM(I13:I21) -> 766787.03 | J12: =SUM(J13:J21) -> 882516.69 | K12: =SUM(K13:K21) -> 912361.6 | L12: =SUM(L13:L21) -> 1095997.2 | M12: =SUM(M13:M21) -> 684213.85 | N12: =SUM(N13:N21) -> 689633.85 | O12: =SUM(O13:O21) -> 689633.85 | P12: =SUM(H12:O12) -> 6632809
C13: департамент информатизации и телекоммуникаций Приморского края | D13: 755 | E13: Х | F13: Х | G13: Х | H13: =H23+H67+H101+H143+H166 -> 395824.01 | I13: =I23+I67+I101+I143+I166 -> 266889.8 | J13: =J23+J67+J101+J143+J166 -> 541536.47 | K13: =ROUND(K24+K68+K101+K144+K166,2) -> 547983.12 | L13: =L24+L68+L101+L144+L166 -> 721260.23 | M13: =M24+M68+M101+M144+M166 -> 322335.53 | N13: =N24+N68+N101+N144+N166 -> 322335.53 | O13: =O24+O68+O101+O144+O166 -> 322335.53 | P13: =SUM(H13:L13) -> 2473493.6
C14: департамент сельского хозяйства и продовольствия Приморского края | D14: 758 | E14: Х | F14: Х | G14: Х | K14: =K167 -> 0 | L14: =L167 -> 0 | M14: =M167 -> 0 | N14: =N167 -> 0 | O14: =O167 -> 0 | P14: =SUM(K14:O14) -> 0
C15: департамент образования и науки Приморского края | D15: 759 | E15: Х | F15: Х | G15: Х | H15: =H102 -> 52800 | I15: =I102 -> 28856 | J15: =J102 -> 23056 | K15: =K103 -> 103.73 | L15: =L103 -> 0 | M15: =M103 -> 0 | N15: =N103 -> 0 | O15: =O103 -> 0 | P15: =SUM(H15:O15) -> 104815.73
C16: департамент труда и социального развития Приморского края | D16: 760 | E16: Х | F16: Х | G16: Х | H16: =H70+H104 -> 9950 | I16: =I70+I104 -> 7988 | J16: =J70+J104 -> 8789.5 | K16: =K70+K104 -> 8326 | L16: =L70+L104 -> 27579.61 | M16: =M70+M104 -> 19521 | N16: =N70+N104 -> 24941 | O16: =O70+O104 -> 24941 | P16: =SUM(H16:L16) -> 62633.11
C17: департамент лесного хозяйства Приморского края | D17: 763 | E17: Х | F17: Х | G17: Х | K17: =K168 -> 0 | L17: =L168 -> 0 | M17: =M168 -> 0 | N17: =N168 -> 0 | O17: =O168 -> 0 | P17: =SUM(K17:O17) -> 0
C18: департамент информационной политики Приморского края | D18: 771 | E18: Х | F18: Х | G18: Х | H18: =H195 -> 421111 | I18: =I195 -> 453719.43 | J18: =J195 -> 303569.08 | K18: =K195 -> 310948.75 | L18: =L195 -> 342357.32 | M18: =M195 -> 342357.32 | N18: =N195 -> 342357.32 | O18: =O195 -> 342357.32 | P18: =SUM(H18:O18) -> 2858777.5
C19: департамент градостроительства Приморского края | D19: 775 | E19: Х | F19: Х | G19: Х | K19: =K169 -> 45000 | L19: =L169 -> 4800 | M19: =M169 -> 0 | N19: =N169 -> 0 | O19: =O169 -> 0 | P19: =SUM(K19:O19) -> 49800
C20: департамент земельных и имущественных отношений Приморского края | D20: 779 | E20: Х | F20: Х | G20: Х | H20: =H69+H170 -> 30400 | I20: =I69+I170 -> 9333.8 | J20: =J69+J170 -> 5565.64 | K20: =K69+K171 -> 0 | L20: =L69+L171 -> 0 | M20: =M69+M171 -> 0 | N20: =N69+N171 -> 0 | O20: =O69+O171 -> 0 | P20: =SUM(H20:O20) -> 45299.44
C21: департамент экономики и развития предпринимательства Приморского края | D21: 784 | E21: Х | F21: Х | G21: Х | H21: =H105 -> 1580 | I21: =I105 -> 0 | J21: =J105 -> 0 | K21: =K105 -> 0 | L21: =L105 -> 0 | M21: =M105 -> 0 | N21: =N105 -> 0 | O21: =O105 -> 0 | P21: =SUM(H21:O21) -> 1580
A22: 1. | B22: Подпрограмма № 1 «Развитие телекоммуникационной инфраструктуры органов государственной власти Приморского края и органов местного самоуправления» | C22: всего: | D22: Х | E22: Х | F22: Х | G22: Х | H22: =H26+H40+H59 -> 245694.76 | I22: =I26+I40+I59 -> 205626.3 | J22: =J26+J40+J59 -> 350235.25 | K22: =K25+K39+K59 -> 335948.15 | L22: =L25+L39 -> 378711.94 | M22: =M25+M39 -> 158509.84 | N22: =N25+N39 -> 158509.84 | O22: =O25+O39 -> 158509.84 | P22: =SUM(H22:O22) -> 1991745.9
C23: департамент информатизации и телекоммуникаций Приморского края | D23: 755 | E23: Х | F23: Х | G23: Х | H23: =H26+H40+H59 -> 245694.76 | I23: =I26+I40+I59 -> 205626.3 | J23: =J26+J40+J59 -> 350235.25 | P23: =SUM(H23:O24) -> 1991745.9
D24: 755 | E24: Х | F24: 1110000000 | G24: Х | K24: =K25+K39+K59 -> 335948.15 | L24: =L25+L39 -> 378711.94 | M24: =M25+M39 -> 158509.84 | N24: =N25+N39 -> 158509.84 | O24: =O25+O39 -> 158509.84
A25: 1.1. | B25: Основное мероприятие 1. Формирование системы межведомственного электронного взаимодействия органов государственной власти Приморского края и органов местного самоуправления | C25: всего: | D25: 755 | E25: Х | F25: Х | G25: Х | H25: =SUM(H26:H27) -> 83851 | I25: =SUM(I26:I27) -> 27990 | J25: =SUM(J26:J27) -> 250.42 | K25: =SUM(K27:K27) -> 0 | L25: =SUM(L27:L27) -> 0 | M25: =SUM(M27:M27) -> 0 | N25: =SUM(N27:N27) -> 0 | O25: =SUM(O27:O27) -> 0 | P25: =SUM(H25:O25) -> 112091.42
C26: департамент информатизации и телекоммуникаций Приморского края | D26: 755 | E26: Х | F26: Х | G26: Х | H26: =H28+H35+H37 -> 83851 | I26: =I28+I36+I38 -> 27990 | J26: =J28+J36+J38 -> 250.42 | P26: =SUM(H26:O27) -> 112091.42
D27: 755 | E27: Х | F27: 1110100000 | G27: Х | K27: =K28+K36+K38 -> 0 | L27: =L28+L36+L38 -> 0 | M27: =M28+M36+M38 -> 0 | N27: =N28+N36+N38 -> 0 | O27: =O28+O36+O38 -> 0
A28: 1.1.1. | B28: Реализация мероприятий по использованию информационно-коммуникационных технологий в целях совершенствования системы государственного и муниципального управления, предоставления услуг, создания и развития информационно-аналитических, учетных и функциональных систем Приморского края | C28: департамент информатизации и телекоммуникации Приморского края | D28: 755 | E28: 0410 | F28: Х | G28: Х | H28: =SUM(H29:H34) -> 80851 | I28: =SUM(I29:I34) -> 19400 | J28: =SUM(J29:J34) -> 0 | K28: =SUM(K29:K34) -> 0 | L28: =SUM(L29:L34) -> 0 | M28: =SUM(M29:M34) -> 0 | N28: =SUM(N29:N34) -> 0 | O28: =SUM(O29:O34) -> 0 | P28: =SUM(H28:O28) -> 100251
A29: 1.1.1.1. | B29: Развитие регионального телекоммуникационного центра, включая централизованную систему организационно-технического администрирования телекоммуникационной инфраструктуры и информационных подсистем «электронного правительства» Приморского края; предоставление услуг по поддержке и администрированию региональных и муниципальных информационных систем | C29: департамент информатизации и телекоммуникации Приморского края | D29: 755 | E29: 0410 | F29: 5221020 | G29: 064 | H29: 29000 | P29: =SUM(H29:O30) -> 33600
D30: 755 | E30: 0410 | F30: 1112143 | G30: 244 | I30: =5200-600 -> 4600 | J30: 0 | K30: 0 | L30: 0 | M30: 0 | N30: 0 | O30: 0
A31: 1.1.1.2. | B31: Развитие систем информационной безопасности телекоммуникационной инфраструктуры электронного правительства Приморского края, защиты персональных данных | C31: департамент информатизации и телекоммуникаций Приморского края | D31: 755 | E31: 0410 | F31: 5221020 | G31: 064 | H31: 3700 | P31: =SUM(H31:O32) -> 4700
D32: 755 | E32: 0410 | F32: 1112143 | G32: 244 | I32: 1000 | J32: 0 | K32: 0 | L32: 0 | M32: 0 | N32: 0 | O32: 0
A33: 1.1.1.3. | B33: Формирование на территории Приморского края единого информационного пространства органов исполнительной власти Приморского края, территориальных органов федеральных органов исполнительной власти и органов местного самоуправления Приморского края. Подключение краевых государственных учреждений, подведомственных органам исполнительной власти Приморского края, к системе межведомственного электронного взаимодействия | C33: департамент информатизации и телекоммуникаций Приморского края | D33: 755 | E33: 0410 | F33: 5221020 | G33: 064 | H33: 48151 | P33: =SUM(H33:O34) -> 61951
D34: 755 | E34: 0410 | F34: 1112143 | G34: 244 | I34: 13800 | J34: 0 | K34: 0 | L34: 0 | M34: 0 | N34: 0 | O34: 0
A35: 1.1.2. | B35: Создание Ситуационного центра Губернатора Приморского края | C35: департамент информатизации и телекоммуникаций Приморского края | D35: 755 | E35: 0410 | F35: 5221020 | G35: 064 | H35: 0 | P35: =SUM(H35:M36) -> 5738.89
D36: 755 | E36: 0113 | F36: 1112189 | G36: 244 | I36: =47500-6500-35500 -> 5500 | J36: 238.89 | K36: 0 | L36: 0 | M36: 0 | N36: 0 | O36: 0
A37: 1.1.3. | B37: Обеспечение доступа к сети Интернет органов исполнительной власти Приморского края | C37: департамент информатизации и телекоммуникаций Приморского края | D37: 755 | E37: 0410 | F37: 5221020 | G37: 064 | H37: 3000 | P37: =SUM(H37:O38) -> 6101.53
D38: 755 | E38: 0410 | F38: 1112059 | G38: 244 | I38: 3090 | J38: 11.53 | K38: 0 | L38: 0 | M38: 0 | N38: 0 | O38: 0
A39: 1.2. | B39: Основное мероприятие 2. Организация предоставления государственных и муниципальных услуг в многофункциональных центрах Приморского края | C39: всего: | D39: Х | E39: Х | F39: Х | G39: Х | H39: =SUM(H42:H57) -> 152050 | I39: =SUM(I42:I57) -> 163636.3 | J39: =SUM(J42:J57) -> 340535.76 | K39: =SUM(K42:K58) -> 333113.43 | L39: =SUM(L42:L58) -> 378711.94 | M39: =SUM(M42:M58) -> 158509.84 | N39: =SUM(N42:N58) -> 158509.84 | O39: =SUM(O42:O58) -> 158509.84 | P39: =SUM(H39:O39) -> 1843576.9
C40: департамент информатизации и телекоммуникаций Приморского края | D40: 755 | E40: Х | F40: Х | G40: Х | H40: =SUM(H42:H57) -> 152050 | I40: =SUM(I42:I57) -> 163636.3 | J40: =SUM(J42:J57) -> 340535.76 | P40: =SUM(H40:O41) -> 1843576.9
D41: 755 | E41: Х | F41: 1110200000 | G41: Х | K41: =SUM(K42:K58) -> 333113.43 | L41: =SUM(L42:L58) -> 378711.94 | M41: =SUM(M42:M58) -> 158509.84 | N41: =SUM(N42:N58) -> 158509.84 | O41: =SUM(O42:O58) -> 158509.84
A42: 1.2.1. | B42: Предоставление субсидий краевым государственным автономным учреждениям на финансовое обеспечение выполнения государственного задания | C42: департамент информатизации и телекоммуникаций Приморского края | D42: 755 | E42: 0113 | F42: 0029900 | G42: 621 | H42: 14000 | P42: =SUM(H42:O44) -> 348494.56
D43: 755 | E43: 0113 | F43: 1117059 | G43: 621 | I43: =36186.3 -> 36186.3 | J43: =(38223.53+10200+2384.64)-(38223.53+10200+2384.64)*5/100 -> 48267.76
D44: 755 | E44: 0113 | F44: 1110270590 | G44: 621 | K44: =35519.6+10200+2290.24+1365.5+10000-10000 -> 49375.34 | L44: 56635.64 | M44: 48009.84 | N44: 48009.84 | O44: 48009.84
A45: 1.2.2. | B45: Предоставление субсидии краевым государственным автономным учреждениям на иные цели, не связанные с финансовым обеспечением выполнения государственного задания | C45: департамент информатизации и телекоммуникаций Приморского края | D45: 755 | E45: 0113 | F45: 0029900 | G45: 622 | H45: 84050 | P45: =SUM(H45:O49) -> 173136.3
D46: 755 | E46: 0113 | F46: 1117060 | G46: 622 | I46: 700 | J46: =697.97 -> 697.97
D47: 755 | E47: 0113 | F47: 1117061 | G47: 622 | I47: 9610 | J47: =12102.03 -> 12102.03
D48: 755 | E48: 0113 | F48: 1110270600 | G48: 622 | K48: =2300+2000 -> 4300 | L48: 4000 | M48: 0 | N48: 0 | O48: 0
D49: 755 | E49: 0113 | F49: 1110270610 | G49: 622 | K49: =10500 -> 10500 | L49: =8196.3+7480 -> 15676.3 | M49: 10500 | N49: 10500 | O49: =10500 -> 10500
A50: 1.2.3. | B50: Предоставление субсидий из краевого бюджета бюджетам муниципальных образований Приморского края на мероприятия по созданию многофункциональных центров предоставления государственных и муниципальных услуг | C50: департамент информатизации и телекоммуникаций Приморского края | D50: 755 | E50: 0113 | F50: 5221013 | G50: 010 | H50: 54000 | P50: =SUM(H50:O52) -> 326008
D51: 755 | E51: 0113 | F51: 1119218 | G51: 520 | I51: 117140 | J51: 130868
D52: 755 | E52: 0113 | F52: 1110292180 | G52: 520 | K52: 24000 | L52: 0 | M52: 0 | N52: 0 | O52: 0
A53: 1.2.4. | B53: Предоставление из краевого бюджета бюджетам муниципальных образований Приморского края иных межбюджетных трансфертов, источником финансового обеспечения которых являются иные межбюджетные трансферты из федерального бюджета на завершение работ по созданию сети многофункциональных центров предоставления государственных и муниципальных услуг | C53: департамент информатизации и телекоммуникаций Приморского края | D53: X | E53: X | F53: X | G53: X | H53: 0 | I53: 0 | J53: 0 | K53: 0 | L53: 0 | M53: 0 | N53: 0 | O53: 0 | P53: =SUM(H53:L54) -> 0
A55: 1.2.5. | B55: Предоставление субсидий из краевого бюджета бюджетам муниципальных образований Приморского края на содержание многофункциональных центров предоставления государственных и муниципальных услуг | C55: департамент информатизации и телекоммуникаций Приморского края | D55: 755 | E55: 0113 | F55: 1119207 | G55: 520 | H55: 0 | I55: 0 | J55: =100000-6000 -> 94000 | P55: =SUM(H55:O56) -> 936538.09
D56: 755 | E56: 0113 | F56: 1110292070 | G56: 520 | K56: =242538.09 -> 242538.09 | L56: =250000+50000 -> 300000 | M56: 100000 | N56: 100000 | O56: 100000
A57: 1.2.6. | B57: Поставка компьютерного и телекоммуникационного оборудования, оргтехники, программного обеспечения в рамках мероприятия по созданию многофункциональных центров предоставления государственных и муниципальных услуг в Приморском крае | C57: департамент информатизации и телекоммуникаций Приморского края | D57: 755 | E57: 0410 | F57: 1112247 | G57: 244 | H57: 0 | I57: 0 | J57: =47000+15000-7400 -> 54600 | K57: 0 | L57: 0 | M57: 0 | N57: 0 | O57: 0 | P57: =SUM(H57:O57) -> 54600
A58: 1.2.7. | B58: Предоставление из краевого бюджета бюджетам муниципальных образований Приморского края иных межбюджетных трансфертов на выплату гранта победителям конкурса «Лучший муниципальный многофункциональный центр Приморского края» | C58: департамент информатизации и телекоммуникаций Приморского края | D58: 755 | E58: 0113 | F58: 1110294020 | G58: 540 | K58: =0+2400 -> 2400 | L58: 2400 | M58: 0 | N58: 0 | O58: 0 | P58: =SUM(H58:O58) -> 4800
A59: 1.3. | B59: Основное мероприятие 3. Обеспечение доступности для населения Приморского края и организаций современных услуг в сфере информационно-коммуникационных технологий | C59: всего: | D59: Х | E59: Х | F59: Х | G59: Х | H59: =SUM(H60:H61) -> 9793.76 | I59: =SUM(I60:I61) -> 14000 | J59: =SUM(J60:J61) -> 9449.07 | K59: =SUM(K60:K62) -> 2834.72 | L59: =SUM(L60:L62) -> 0 | M59: =SUM(M60:M62) -> 0 | N59: =SUM(N60:N62) -> 0 | O59: =SUM(O60:O62) -> 0 | P59: =SUM(H59:O59) -> 36077.55
C60: департамент информатизации и телекоммуникаций Приморского края | D60: 755 | E60: 0410 | F60: 5221020 | G60: 064 | H60: =H63 -> 9793.76 | P60: =SUM(H60:O62) -> 36077.55
D61: 755 | E61: 0410 | F61: 1112058 | G61: 244 | I61: =I64 -> 14000 | J61: =J64 -> 9449.07
D62: 755 | E62: 0410 | F62: 1110300000 | G62: 244 | K62: =K65 -> 2834.72
A63: 1.3.1. | B63: Обеспечение доступности для населения Приморского края и организаций современных услуг в сфере информационно-коммуникационных технологий, в том числе создание центров общественного доступа к официальным сайтам государственных органов в местах приема граждан и других публичных местах (инфоматы) | C63: департамент информатизации и телекоммуникаций Приморского края | D63: 755 | E63: 0410 | F63: 5221020 | G63: 064 | H63: 9793.76 | P63: =SUM(H63:O65) -> 36077.55
D64: 755 | E64: 0410 | F64: 1112058 | G64: 244 | I64: 14000 | J64: 9449.07
D65: 755 | E65: 0410 | F65: 1110320580 | G65: 244 | K65: 2834.72
A66: 2. | B66: Подпрограмма № 2 «Развитие информационных систем и информационных сервисов для жителей Приморского края, формирование электронного правительства» | C66: всего: | D66: Х | E66: Х | F66: Х | G66: Х | H66: =H72+H74+H93+H95 -> 108467.24 | I66: =I72+I74+I93+I95 -> 20928.59 | J66: =J72+J74+J93+J95 -> 7827.83 | K66: =K71+K92 -> 0 | L66: =L71+L92 -> 0 | M66: =M71+M92 -> 0 | N66: =N71+N92 -> 0 | O66: =O71+O92 -> 0 | P66: =SUM(H66:O66) -> 137223.66
C67: департамент информатизации и телекоммуникаций Приморского края | D67: 755 | E67: Х | F67: Х | G67: Х | H67: =H72+H93 -> 108467.24 | I67: =I72+I93 -> 18678.89 | J67: =J72+J93 -> 7827.83 | P67: =SUM(H67:O68) -> 134973.96
D68: 755 | E68: Х | F68: 1120000000 | G68: Х | K68: =K73+K94 -> 0 | L68: =L73+L94 -> 0 | M68: =M73+M94 -> 0 | N68: =N73+N94 -> 0 | O68: =O73+O94 -> 0
C69: департамент земельных и имущественных отношений Приморского края | D69: 779 | E69: 0412 | F69: 1122217 | G69: 244 | H69: =H74 -> 0 | I69: =I74 -> 949.7 | J69: =J74 -> 0 | K69: =K74 -> 0 | L69: =L74 -> 0 | M69: =M74 -> 0 | N69: =N74 -> 0 | O69: =O74 -> 0 | P69: =SUM(H69:O69) -> 949.7
C70: департамент труда и социального развития Приморского края | D70: 760 | E70: 0401 | F70: 1122144 | G70: 612 | H70: =H95 -> 0 | I70: =I95 -> 1300 | J70: =J95 -> 0 | K70: =K95 -> 0 | L70: =L95 -> 0 | M70: =M95 -> 0 | N70: =N95 -> 0 | O70: =O95 -> 0 | P70: =SUM(H70:O70) -> 1300
A71: 2.1. | B71: Основное мероприятие 1. Создание и обеспечение функционирования среды электронного взаимодействия государственных органов Приморского края: | C71: всего: | D71: Х | E71: Х | F71: Х | G71: Х | H71: =H75+SUM(H81:H84)+SUM(H86:H91)+H85 -> 105467.24 | I71: =I75+SUM(I81:I84)+SUM(I86:I91)+I85 -> 17228.59 | J71: =J75+SUM(J81:J84)+SUM(J86:J91)+J85 -> 6172.35 | K71: =K75+SUM(K81:K84)+SUM(K86:K91)+K85 -> 0 | L71: =L75+SUM(L81:L84)+SUM(L86:L91)+L85 -> 0 | M71: =M75+SUM(M81:M84)+SUM(M86:M91)+M85 -> 0 | N71: =N75+SUM(N81:N84)+SUM(N86:N91)+N85 -> 0 | O71: =O75+SUM(O81:O84)+SUM(O86:O91)+O85 -> 0 | P71: =SUM(H71:O71) -> 128868.18
C72: департамент информатизации и телекоммуникаций Приморского края | D72: 755 | E72: 0410 | F72: Х | G72: Х | H72: =H75+SUM(H81:H84)+SUM(H86:H91) -> 105467.24 | I72: =I75+SUM(I81:I84)+SUM(I86:I91) -> 16278.89 | J72: =J75+SUM(J81:J84)+SUM(J86:J91) -> 6172.35 | P72: =SUM(H72:O73) -> 127918.48
D73: 755 | E73: 0410 | F73: 1120100000 | G73: Х | K73: =K75+SUM(K81:K84)+SUM(K86:K91) -> 0 | L73: =L75+SUM(L81:L84)+SUM(L86:L91) -> 0 | M73: =M75+SUM(M81:M84)+SUM(M86:M91) -> 0 | N73: =N75+SUM(N81:N84)+SUM(N86:N91) -> 0 | O73: =O75+SUM(O81:O84)+SUM(O86:O91) -> 0
C74: департамент земельных и имущественных отношений Приморского края | D74: 779 | E74: 0412 | F74: Х | G74: Х | I74: =I85 -> 949.7 | J74: =J85 -> 0 | P74: =SUM(H74:O74) -> 949.7
A75: 2.1.1. | B75: Развитие регионального сегмента единой системы межведомственного электронного документооборота, в том числе создание среды электронного взаимодействия государственных органов Приморского края | C75: департамент информатизации и телекоммуникаций Приморского края | D75: 755 | E75: 0410 | F75: Х | G75: Х | H75: =SUM(H76:H80) -> 75867.24 | I75: =SUM(I76:I80) -> 9308.89 | J75: =SUM(J76:J80) -> 4418.91 | K75: =SUM(K76:K80) -> 0 | L75: =SUM(L76:L80) -> 0 | M75: =SUM(M76:M80) -> 0 | N75: =SUM(N76:N80) -> 0 | O75: =SUM(O76:O80) -> 0 | P75: =SUM(H75:O75) -> 89595.04
A76: 2.1.1.1. | B76: Развитие регионального сегмента единой системы межведомственного электронного документооборота, в том числе создание среды электронного взаимодействия государственных органов Приморского края | C76: департамент информатизации и телекоммуникаций Приморского края | D76: 755 | E76: 0410 | F76: 5221020 | G76: 064 | H76: 75867.24 | P76: =SUM(H76:O78) -> 88753.72
D77: 755 | E77: 0410 | F77: 1122146 | G77: 244 | I77: =9000-691.11+1450-450 -> 9308.89 | J77: =2232.38+2186.53208-841.32272 -> 3577.59
D78: 755 | E78: 0410 | F78: 1120121460 | G78: 244 | K78: 0 | L78: 0 | M78: 0 | N78: 0 | O78: 0
A79: 2.1.1.2. | B79: Исполнение по судебным актам | C79: департамент информатизации и телекоммуникаций Приморского края | D79: 755 | E79: 0410 | F79: 1122146 | G79: 244 | I79: 0 | J79: 841.32 | P79: =SUM(H79:O80) -> 841.32
D80: 755 | E80: 0410 | F80: 1120121460 | G80: 244 | K80: 0 | L80: 0 | M80: 0 | N80: 0 | O80: 0
A81: 2.1.2. | B81: Модернизация прикладных информационных систем поддержки выполнения исполнительными органами государственной власти Приморского края и органами местного самоуправления Приморского края основных функций | C81: департамент информатизации и телекоммуникаций Приморского края | D81: 755 | E81: 0410 | F81: 5221020 | G81: 064 | H81: 0 | P81: =SUM(H81:O84) -> 500
D82: 755 | E82: 0410 | F82: 1122217 | G82: 244 | I82: =10000-9500 -> 500 | J82: 0
D83: 755 | E83: 0410 | F83: 1122234 | G83: 244 | I83: 0 | J83: =15000-15000 -> 0
D84: 755 | E84: 0410 | F84: 1120122170 | G84: 244 | K84: 0 | L84: 0 | M84: 0 | N84: 0 | O84: 0
C85: департамент земельных и имущественных отношений Приморского края | D85: 779 | E85: 0412 | F85: 1122217 | G85: 244 | I85: =5000-4050.3 -> 949.7 | J85: 0 | P85: =SUM(H85:N85) -> 949.7
A86: 2.1.3. | B86: Развитие сервисов информационной системы планирования и мониторинга социально-экономического развития Приморского края | C86: департамент информатизации и телекоммуникаций Приморского края | D86: 755 | E86: 0410 | F86: 5221020 | G86: 064 | H86: 28300 | P86: =SUM(H86:O88) -> 32398.39
D87: 755 | E87: 0410 | F87: 1122146 | G87: 244 | I87: 3470 | J87: =171.45+456.9356 -> 628.39
D88: 755 | E88: 0410 | F88: 1120121460 | G88: 244 | K88: 0 | L88: 0 | M88: 0 | N88: 0 | O88: 0
A89: 2.1.4. | B89: Развитие системы интернет-сайтов и информационной поддержки государственных органов Приморского края и органов местного самоуправления на основе «единой точки входа» | C89: департамент информатизации и телекоммуникаций Приморского края | D89: 755 | E89: 0410 | F89: 5221020 | G89: 064 | H89: 1300 | P89: =SUM(H89:O91) -> 5425.05
D90: 755 | E90: 0410 | F90: 1122146 | G90: 244 | I90: =1000+2000 -> 3000 | J90: =200+925.05 -> 1125.05
D91: 755 | E91: 0410 | F91: 1120121460 | G91: 244 | K91: 0 | L91: 0 | M91: 0 | N91: 0 | O91: 0
A92: 2.2. | B92: Основное мероприятие 2. Реализация проекта по внедрению универсальной электронной карты на территории Приморского края | C92: всего: | D92: Х | E92: Х | F92: Х | G92: Х | H92: =SUM(H93:H95) -> 3000 | I92: =SUM(I93:I95) -> 3700 | J92: =SUM(J93:J95) -> 1655.48 | K92: =K98+K99 -> 0 | L92: =L98+L99 -> 0 | M92: =M98+M99 -> 0 | N92: =N98+N99 -> 0 | O92: =O98+O99 -> 0 | P92: =SUM(H92:O92) -> 8355.48
C93: департамент информатизации и телекоммуникаций Приморского края | D93: 755 | E93: 0410 | F93: Х | G93: Х | H93: =SUM(H96:H98) -> 3000 | I93: =SUM(I96:I98) -> 2400 | J93: =SUM(J96:J98) -> 1655.48 | P93: =SUM(H93:O94) -> 7055.48
D94: 755 | E94: 0410 | F94: 1120200000 | G94: Х | K94: =K98 -> 0 | L94: =L98 -> 0 | M94: =M98 -> 0 | N94: =N98 -> 0 | O94: =O98 -> 0
C95: департамент труда и социального развития Приморского края | D95: 760 | E95: 0401 | F95: 1122144 | G95: 612 | I95: =I99 -> 1300 | P95: =SUM(H95:O95) -> 1300
A96: 2.2.1. | B96: Создание инфраструктуры для обеспечения внедрения универсальной электронной карты | C96: департамент информатизации и телекоммуникаций Приморского края | D96: 755 | E96: 0410 | F96: 5221020 | G96: 064 | H96: 3000 | P96: =SUM(H96:L97) -> 7055.48
D97: 755 | E97: 0410 | F97: 1122144 | G97: 244 | I97: =3300-900 -> 2400 | J97: 1655.48
D98: 755 | E98: 0410 | F98: 1120221440 | G98: 244 | K98: 0 | L98: 0 | M98: 0 | N98: 0 | O98: 0
A99: 2.2.2. | B99: Обеспечение деятельности краевого государственного бюджетного учреждения «Центр занятости населения города Владивостока» в части использования сервисов информационной системы и организации пунктов приема заявлений по выдаче, выпуску и обслуживанию универсальных электронных карт в Приморском крае | C99: департамент труда и социального развития Приморского края | D99: 760 | E99: 0401 | F99: 1122144 | G99: 612 | I99: =1700-400 -> 1300 | P99: =SUM(H99:L99) -> 1300
A100: 3. | B100: Подпрограмма № 3 «Использование информационно-коммуникационных технологий в социально ориентированных областях» | C100: всего: | D100: Х | E100: Х | F100: Х | G100: Х | H100: =H107+H125+H126+H127+H137 -> 64910 | I100: =I107+I125+I126+I127+I137 -> 35544 | J100: =J107+J125+J126+J127+J137 -> 31845.5 | K100: =K106+K124+K136 -> 8429.73 | L100: =L106+L124+L136 -> 27579.61 | M100: =M106+M124+M136 -> 19521 | N100: =N106+N124+N136 -> 24941 | O100: =O106+O124+O136 -> 24941 | P100: =SUM(H100:O100) -> 237711.84
C101: департамент информатизации и телекоммуникаций Приморского края | D101: 755 | E101: Х | F101: Х | G101: Х | H101: =H125 -> 580 | I101: =I125 -> 0 | J101: =J125 -> 0 | K101: =K125 -> 0 | L101: =L125 -> 0 | M101: =M125 -> 0 | N101: =N125 -> 0 | O101: =O125 -> 0 | P101: =SUM(H101:O101) -> 580
C102: департамент образования и науки Приморского края | D102: 759 | E102: Х | F102: Х | G102: Х | H102: =H107+H126 -> 52800 | I102: =I107+I126 -> 28856 | J102: =J107+J126 -> 23056 | P102: =SUM(H102:O103) -> 104815.73
D103: 759 | E103: Х | F103: 1130000000 | G103: Х | K103: =K106+K126 -> 103.73 | L103: =L106+L126 -> 0 | M103: =M106+M126 -> 0 | N103: =N106+N126 -> 0 | O103: =O106+O126 -> 0
C104: департамент труда и социального развития Приморского края | D104: 760 | E104: Х | F104: Х | G104: Х | H104: =H127 -> 9950 | I104: =I127 -> 6688 | J104: =J127 -> 8789.5 | K104: =K128 -> 8326 | L104: =L128 -> 27579.61 | M104: =M128 -> 19521 | N104: =N128 -> 24941 | O104: =O128 -> 24941 | P104: =SUM(H104:O104) -> 130736.11
C105: департамент экономики и развития предпринимательст-ва Приморского края | D105: 784 | E105: Х | F105: Х | G105: Х | H105: =H137 -> 1580 | I105: =I137 -> 0 | J105: =J137 -> 0 | K105: =K138 -> 0 | L105: =L138 -> 0 | M105: =M138 -> 0 | N105: =N138 -> 0 | O105: =O138 -> 0 | P105: =SUM(H105:O105) -> 1580
...

Sheet Приложение 6
A3: ИНФОРМАЦИЯ
A4: о ресурсном обеспечении государственной программы Приморского края «Информационное общество» на 2013-2020 годы за счет средств краевого бюджета и прогнозная оценка привлекаемых на реализацию ее целей средств федерального бюджета, бюджетов государственных внебюджетных фондов, иных внебюджетных источников, бюджетов муниципальных образований Приморского края в случае участия Приморского края в реализации муниципальных программ, аналогичных мероприятиям государственной программы Приморского края
B6: Наименование подпрограммы, программы, принятой в соответствии с требованиями федерального законодательства в сфере реализации государственной программы | C6: Источники ресурсного обеспечения | D6: ГРБС | E6: Оценка расходов (тыс.руб.), годы
A7: №
A8: п/п | E8: 2013 | F8: 2014 | G8: 2015 | H8: 2016 | I8: 2017 | J8: 2018 | K8: 2019 | L8: 2020 | M8: всего
A10: 1 | B10: 2 | C10: 3 | D10: 4 | E10: 5 | F10: 6 | G10: 7 | H10: 8 | I10: 9 | J10: 10 | K10: 11 | L10: 12 | M10: 13
A11: Государственная программа Приморского края «Информационное общество» на 2013 – 2020 годы | C11: всего: | E11: =E12+E13+E14+E15+E16+E17 -> 950596.01 | F11: =F12+F13+F14+F15+F16+F17 -> 925124.47 | G11: =G12+G13+G14+G15+G16+G17 -> 1109191.6 | H11: =H12+H13+H14+H15+H16+H17 -> 1180225.1 | I11: =I12+I13+I14+I15+I16+I17 -> 1344491.5 | J11: =J12+J13+J14+J15+J16+J17 -> 784213.85 | K11: =K12+K13+K14+K15+K16+K17 -> 789633.85 | L11: =L12+L13+L14+L15+L16+L17 -> 789633.85 | M11: =SUM(E11:L11) -> 7873110.2
C12: федеральный бюджет | E12: =E19+E145+E222+E320+E390+E481 -> 0 | F12: =F19+F145+F222+F320+F390+F481 -> 62420.58 | G12: =G19+G145+G222+G320+G390+G481 -> 72474.6 | H12: =H19+H145+H222+H320+H390+H481 -> 0 | I12: =I19+I145+I222+I320+I390+I481 -> 0 | J12: =J19+J145+J222+J320+J390+J481 -> 0 | K12: =K19+K145+K222+K320+K390+K481 -> 0 | L12: =L19+L145+L222+L320+L390+L481 -> 0 | M12: =SUM(E12:L12) -> 134895.18
C13: краевой бюджет | E13: =E20+E146+E223+E321+E391+E482 -> 911665.01 | F13: =F20+F146+F223+F321+F391+F482 -> 766787.03 | G13: =G20+G146+G223+G321+G391+G482 -> 882516.69 | H13: =H20+H146+H223+H321+H391+H482 -> 912361.6 | I13: =I20+I146+I223+I321+I391+I482 -> 1095997.2 | J13: =J20+J146+J223+J321+J391+J482 -> 684213.85 | K13: =K20+K146+K223+K321+K391+K482 -> 689633.85 | L13: =L20+L146+L223+L321+L391+L482 -> 689633.85 | M13: =SUM(E13:L13) -> 6632809
C14: бюджет муниципальных образований | E14: =E21+E147+E224+E322+E392+E483 -> 38931 | F14: =F21+F147+F224+F322+F392+F483 -> 95916.86 | G14: =G21+G147+G224+G322+G392+G483 -> 154200.29 | H14: =H21+H147+H224+H322+H392+H483 -> 252823.8 | I14: =I21+I147+I224+I322+I392+I483 -> 245454.55 | J14: =J21+J147+J224+J322+J392+J483 -> 100000 | K14: =K21+K147+K224+K322+K392+K483 -> 100000 | L14: =L21+L147+L224+L322+L392+L483 -> 100000 | M14: =SUM(E14:L14) -> 1087326.5
C15: государственные внебюджетные фонды Российской Федерации | E15: =E22+E148+E225+E323+E393+E484 -> 0 | F15: =F22+F148+F225+F323+F393+F484 -> 0 | G15: =G22+G148+G225+G323+G393+G484 -> 0 | H15: =H22+H148+H225+H323+H393+H484 -> 0 | I15: =I22+I148+I225+I323+I393+I484 -> 0 | J15: =J22+J148+J225+J323+J393+J484 -> 0 | K15: =K22+K148+K225+K323+K393+K484 -> 0 | L15: =L22+L148+L225+L323+L393+L484 -> 0 | M15: 0
C16: территориальные государственные внебюджетные фонды | E16: =E23+E149+E226+E324+E394+E485 -> 0 | F16: =F23+F149+F226+F324+F394+F485 -> 0 | G16: =G23+G149+G226+G324+G394+G485 -> 0 | H16: =H23+H149+H226+H324+H394+H485 -> 0 | I16: =I23+I149+I226+I324+I394+I485 -> 0 | J16: =J23+J149+J226+J324+J394+J485 -> 0 | K16: =K23+K149+K226+K324+K394+K485 -> 0 | L16: =L23+L149+L226+L324+L394+L485 -> 0 | M16: 0
C17: иные внебюджетные источники | E17: =E24+E150+E227+E325+E395+E486 -> 0 | F17: =F24+F150+F227+F325+F395+F486 -> 0 | G17: =G24+G150+G227+G325+G395+G486 -> 0 | H17: =H24+H150+H227+H325+H395+H486 -> 15039.75 | I17: =I24+I150+I227+I325+I395+I486 -> 3039.75 | J17: =J24+J150+J227+J325+J395+J486 -> 0 | K17: =K24+K150+K227+K325+K395+K486 -> 0 | L17: =L24+L150+L227+L325+L395+L486 -> 0 | M17: =SUM(E17:L17) -> 18079.5
A18: 1. | B18: Подпрограмма № 1 «Развитие телекоммуникационной инфраструктуры органов государственной власти Приморского края и органов местного самоуправления» | C18: всего: | E18: =SUM(E19:E24) -> 245694.76 | F18: =SUM(F19:F24) -> 318249.74 | G18: =SUM(G19:G24) -> 537596.14 | H18: =SUM(H19:H24) -> 588771.95 | I18: =SUM(I19:I24) -> 624166.49 | J18: =SUM(J19:J24) -> 258509.84 | K18: =SUM(K19:K24) -> 258509.84 | L18: =SUM(L19:L24) -> 258509.84 | M18: =SUM(E18:L18) -> 3090008.6
C19: федеральный бюджет | E19: =E26+E75+E131 -> 0 | F19: =F26+F75+F131 -> 62420.58 | G19: =G26+G75+G131 -> 37274.6 | H19: =H26+H75+H131 -> 0 | I19: =I26+I75+I131 -> 0 | J19: =J26+J75+J131 -> 0 | K19: =K26+K75+K131 -> 0 | L19: =L26+L75+L131 -> 0 | M19: =SUM(E19:L19) -> 99695.18
C20: краевой бюджет | E20: ='Приложение 5'!H22 -> 245694.76 | F20: ='Приложение 5'!I22 -> 205626.3 | G20: ='Приложение 5'!J22 -> 350235.25 | H20: ='Приложение 5'!K22 -> 335948.15 | I20: ='Приложение 5'!L22 -> 378711.94 | J20: ='Приложение 5'!M22 -> 158509.84 | K20: ='Приложение 5'!N22 -> 158509.84 | L20: ='Приложение 5'!O22 -> 158509.84 | M20: =SUM(E20:L20) -> 1991745.9
C21: бюджет муниципальных образований | E21: =E28+E77+E133 -> 0 | F21: =F28+F77+F133 -> 50202.86 | G21: =G28+G77+G133 -> 150086.29 | H21: =H28+H77+H133 -> 252823.8 | I21: =I28+I77+I133 -> 245454.55 | J21: =J28+J77+J133 -> 100000 | K21: =K28+K77+K133 -> 100000 | L21: =L28+L77+L133 -> 100000 | M21: =SUM(E21:L21) -> 998567.5
C22: государственные внебюджетные фонды Российской Федерации | E22: 0 | F22: 0 | G22: 0 | H22: 0 | I22: 0 | J22: 0 | K22: 0 | L22: 0 | M22: 0
C23: территориальные государственные внебюджетные фонды | E23: 0 | F23: 0 | G23: 0 | H23: 0 | I23: 0 | J23: 0 | K23: 0 | L23: 0 | M23: 0
C24: иные внебюджетные источники | E24: 0 | F24: 0 | G24: 0 | H24: 0 | I24: 0 | J24: 0 | K24: 0 | L24: 0 | M24: 0
A25: 1.1. | B25: Основное мероприятие 1. Формирование системы межведомственного электронного взаимодействия органов государственной власти Приморского края и органов местного самоуправления | C25: всего: | E25: =SUM(E26:E31) -> 83851 | F25: =SUM(F26:F31) -> 41190 | G25: =SUM(G26:G31) -> 250.42 | H25: =SUM(H26:H31) -> 0 | I25: =SUM(I26:I31) -> 0 | J25: =SUM(J26:J31) -> 0 | K25: =SUM(K26:K31) -> 0 | L25: =SUM(L26:L31) -> 0 | M25: =SUM(E25:L25) -> 125291.42
C26: федеральный бюджет | E26: =E33+E61+E68 -> 0 | F26: =F33+F61+F68 -> 13200 | G26: =G33+G61+G68 -> 0 | H26: =H33+H61+H68 -> 0 | I26: =I33+I61+I68 -> 0 | J26: =J33+J61+J68 -> 0 | K26: =K33+K61+K68 -> 0 | L26: =L33+L61+L68 -> 0 | M26: =SUM(E26:L26) -> 13200
C27: краевой бюджет | E27: ='Приложение 5'!H26 -> 83851 | F27: ='Приложение 5'!I26 -> 27990 | G27: ='Приложение 5'!J26 -> 250.42 | H27: ='Приложение 5'!K25 -> 0 | I27: ='Приложение 5'!L25 -> 0 | J27: ='Приложение 5'!M25 -> 0 | K27: ='Приложение 5'!N25 -> 0 | L27: ='Приложение 5'!O25 -> 0 | M27: =SUM(E27:L27) -> 112091.42
C28: бюджет муниципальных образований | E28: 0 | F28: 0 | G28: 0 | H28: 0 | I28: 0 | J28: 0 | K28: 0 | L28: 0 | M28: 0
C29: государственные внебюджетные фонды Российской Федерации | E29: 0 | F29: 0 | G29: 0 | H29: 0 | I29: 0 | J29: 0 | K29: 0 | L29: 0 | M29: 0
C30: территориальные государственные внебюджетные фонды | E30: 0 | F30: 0 | G30: 0 | H30: 0 | I30: 0 | J30: 0 | K30: 0 | L30: 0 | M30: 0
C31: иные внебюджетные источники | E31: 0 | F31: 0 | G31: 0 | H31: 0 | I31: 0 | J31: 0 | K31: 0 | L31: 0 | M31: 0
A32: 1.1.1. | B32: Реализация мероприятий по использованию информационно-коммуникационных технологий в целях совершенствования системы государственного и муниципального управления, предоставления услуг, создания и развития информационно-аналитических, учетных и функциональных систем Приморского края | C32: всего: | E32: =SUM(E33:E38) -> 80851 | F32: =SUM(F33:F38) -> 32600 | G32: =SUM(G33:G38) -> 0 | H32: =SUM(H33:H38) -> 0 | I32: =SUM(I33:I38) -> 0 | J32: =SUM(J33:J38) -> 0 | K32: =SUM(K33:K38) -> 0 | L32: =SUM(L33:L38) -> 0 | M32: =SUM(E32:L32) -> 113451
C33: федеральный бюджет | E33: =E40+E47+E54 -> 0 | F33: =F40+F47+F54 -> 13200 | G33: =G40+G47+G54 -> 0 | H33: =H40+H47+H54 -> 0 | I33: =I40+I47+I54 -> 0 | J33: =J40+J47+J54 -> 0 | K33: =K40+K47+K54 -> 0 | L33: =L40+L47+L54 -> 0 | M33: =SUM(E33:L33) -> 13200
C34: краевой бюджет | E34: ='Приложение 5'!H28 -> 80851 | F34: ='Приложение 5'!I28 -> 19400 | G34: ='Приложение 5'!J28 -> 0 | H34: ='Приложение 5'!K28 -> 0 | I34: ='Приложение 5'!L28 -> 0 | J34: ='Приложение 5'!M28 -> 0 | K34: ='Приложение 5'!N28 -> 0 | L34: ='Приложение 5'!O28 -> 0 | M34: =SUM(E34:L34) -> 100251
C35: бюджет муниципальных образований | E35: 0 | F35: 0 | G35: 0 | H35: 0 | I35: 0 | J35: 0 | K35: 0 | L35: 0 | M35: =SUM(E35:I35) -> 0
C36: государственные внебюджетные фонды Российской Федерации | E36: 0 | F36: 0 | G36: 0 | H36: 0 | I36: 0 | J36: 0 | K36: 0 | L36: 0 | M36: 0
C37: территориальные государственные внебюджетные фонды | E37: 0 | F37: 0 | G37: 0 | H37: 0 | I37: 0 | J37: 0 | K37: 0 | L37: 0 | M37: 0
C38: иные внебюджетные источники | E38: 0 | F38: 0 | G38: 0 | H38: 0 | I38: 0 | J38: 0 | K38: 0 | L38: 0 | M38: 0
A39: 1.1.1.1. | B39: Развитие регионального телекоммуникационного центра, включая централизованную систему организационно-технического администрирования телекоммуникационной инфраструктуры и информационных подсистем «электронного правительства» Приморского края; предоставление услуг по поддержке и администрированию региональных и муниципальных информационных систем | C39: всего: | D39: 755 | E39: =SUM(E40:E45) -> 29000 | F39: =SUM(F40:F45) -> 4600 | G39: =SUM(G40:G45) -> 0 | H39: =SUM(H40:H45) -> 0 | I39: =SUM(I40:I45) -> 0 | J39: =SUM(J40:J45) -> 0 | K39: =SUM(K40:K45) -> 0 | L39: =SUM(L40:L45) -> 0 | M39: =SUM(E39:L39) -> 33600
C40: федеральный бюджет | E40: 0 | F40: 0 | G40: 0 | H40: 0 | I40: 0 | J40: 0 | K40: 0 | L40: 0 | M40: =SUM(E40:I40) -> 0
C41: краевой бюджет | D41: 755 | E41: ='Приложение 5'!H29 -> 29000 | F41: ='Приложение 5'!I30 -> 4600 | G41: ='Приложение 5'!J30 -> 0 | H41: ='Приложение 5'!K30 -> 0 | I41: ='Приложение 5'!L30 -> 0 | J41: ='Приложение 5'!M30 -> 0 | K41: ='Приложение 5'!N30 -> 0 | L41: ='Приложение 5'!O30 -> 0 | M41: =SUM(E41:L41) -> 33600
C42: бюджет муниципальных образований | E42: 0 | F42: 0 | G42: 0 | H42: 0 | I42: 0 | J42: 0 | K42: 0 | L42: 0 | M42: =SUM(E42:I42) -> 0
C43: государственные внебюджетные фонды Российской Федерации | E43: 0 | F43: 0 | G43: 0 | H43: 0 | I43: 0 | J43: 0 | K43: 0 | L43: 0 | M43: 0
C44: территориальные государственные внебюджетные фонды | E44: 0 | F44: 0 | G44: 0 | H44: 0 | I44: 0 | J44: 0 | K44: 0 | L44: 0 | M44: 0
C45: иные внебюджетные источники | E45: 0 | F45: 0 | G45: 0 | H45: 0 | I45: 0 | J45: 0 | K45: 0 | L45: 0 | M45: 0
A46: 1.1.1.2. | B46: Развитие систем информационной безопасности телекоммуникационной инфраструктуры электронного правительства Приморского края, защиты персональных данных | C46: всего: | D46: 755 | E46: =SUM(E47:E52) -> 3700 | F46: =SUM(F47:F52) -> 1000 | G46: =SUM(G47:G52) -> 0 | H46: =SUM(H47:H52) -> 0 | I46: =SUM(I47:I52) -> 0 | J46: =SUM(J47:J52) -> 0 | K46: =SUM(K47:K52) -> 0 | L46: =SUM(L47:L52) -> 0 | M46: =SUM(E46:I46) -> 4700
C47: федеральный бюджет | E47: 0 | F47: 0 | G47: 0 | H47: 0 | I47: 0 | J47: 0 | K47: 0 | L47: 0 | M47: =SUM(E47:I47) -> 0
C48: краевой бюджет | D48: 755 | E48: ='Приложение 5'!H31 -> 3700 | F48: ='Приложение 5'!I32 -> 1000 | G48: ='Приложение 5'!J32 -> 0 | H48: ='Приложение 5'!K32 -> 0 | I48: ='Приложение 5'!L32 -> 0 | J48: ='Приложение 5'!M32 -> 0 | K48: ='Приложение 5'!N32 -> 0 | L48: ='Приложение 5'!O32 -> 0 | M48: =SUM(E48:I48) -> 4700
C49: бюджет муниципальных образований | E49: 0 | F49: 0 | G49: 0 | H49: 0 | I49: 0 | J49: 0 | K49: 0 | L49: 0 | M49: =SUM(E49:I49) -> 0
C50: государственные внебюджетные фонды Российской Федерации | E50: 0 | F50: 0 | G50: 0 | H50: 0 | I50: 0 | J50: 0 | K50: 0 | L50: 0 | M50: 0
C51: территориальные государственные внебюджетные фонды | E51: 0 | F51: 0 | G51: 0 | H51: 0 | I51: 0 | J51: 0 | K51: 0 | L51: 0 | M51: 0
C52: иные внебюджетные источники | E52: 0 | F52: 0 | G52: 0 | H52: 0 | I52: 0 | J52: 0 | K52: 0 | L52: 0 | M52: 0
A53: 1.1.1.3. | B53: Формирование на территории Приморского края единого информационного пространства органов исполнительной власти Приморского края, территориальных органов федеральных органов исполнительной власти и органов местного самоуправления Приморского края. Подключение краевых государственных учреждений, подведомственных органам исполнительной власти Приморского края, к системе межведомственного электронного взаимодействия | C53: всего: | D53: 755 | E53: =SUM(E54:E59) -> 48151 | F53: =SUM(F54:F59) -> 27000 | G53: =SUM(G54:G59) -> 0 | H53: =SUM(H54:H59) -> 0 | I53: =SUM(I54:I59) -> 0 | J53: =SUM(J54:J59) -> 0 | K53: =SUM(K54:K59) -> 0 | L53: =SUM(L54:L59) -> 0 | M53: =SUM(E53:I53) -> 75151
C54: федеральный бюджет | D54: 755 | E54: 0 | F54: 13200 | G54: 0 | H54: 0 | I54: 0 | J54: 0 | K54: 0 | L54: 0 | M54: =SUM(E54:L54) -> 13200
C55: краевой бюджет | D55: 755 | E55: ='Приложение 5'!H33 -> 48151 | F55: ='Приложение 5'!I34 -> 13800 | G55: ='Приложение 5'!J34 -> 0 | H55: ='Приложение 5'!K34 -> 0 | I55: ='Приложение 5'!L34 -> 0 | J55: ='Приложение 5'!M34 -> 0 | K55: ='Приложение 5'!N34 -> 0 | L55: ='Приложение 5'!O34 -> 0 | M55: =SUM(E55:I55) -> 61951
C56: бюджет муниципальных образований | E56: 0 | F56: 0 | G56: 0 | H56: 0 | I56: 0 | J56: 0 | K56: 0 | L56: 0 | M56: =SUM(E56:I56) -> 0
C57: государственные внебюджетные фонды Российской Федерации | E57: 0 | F57: 0 | G57: 0 | H57: 0 | I57: 0 | J57: 0 | K57: 0 | L57: 0 | M57: 0
C58: территориальные государственные внебюджетные фонды | E58: 0 | F58: 0 | G58: 0 | H58: 0 | I58: 0 | J58: 0 | K58: 0 | L58: 0 | M58: 0
C59: иные внебюджетные источники | E59: 0 | F59: 0 | G59: 0 | H59: 0 | I59: 0 | J59: 0 | K59: 0 | L59: 0 | M59: 0
A60: 1.1.2. | B60: Создание Ситуационного центра Губернатора Приморского края | C60: всего: | D60: 755 | E60: =SUM(E61:E66) -> 0 | F60: =SUM(F61:F66) -> 5500 | G60: =SUM(G61:G66) -> 238.89 | H60: =SUM(H61:H66) -> 0 | I60: =SUM(I61:I66) -> 0 | J60: =SUM(J61:J66) -> 0 | K60: =SUM(K61:K66) -> 0 | L60: =SUM(L61:L66) -> 0 | M60: =SUM(E60:I60) -> 5738.89
C61: федеральный бюджет | E61: 0 | F61: 0 | G61: 0 | H61: 0 | I61: 0 | J61: 0 | K61: 0 | L61: 0 | M61: =SUM(E61:I61) -> 0
C62: краевой бюджет | D62: 755 | E62: ='Приложение 5'!H35 -> 0 | F62: ='Приложение 5'!I36 -> 5500 | G62: ='Приложение 5'!J36 -> 238.89 | H62: ='Приложение 5'!K36 -> 0 | I62: ='Приложение 5'!L36 -> 0 | J62: ='Приложение 5'!M36 -> 0 | K62: ='Приложение 5'!N36 -> 0 | L62: ='Приложение 5'!O36 -> 0 | M62: =SUM(E62:I62) -> 5738.89
C63: бюджет муниципальных образований | E63: 0 | F63: 0 | G63: 0 | H63: 0 | I63: 0 | J63: 0 | K63: 0 | L63: 0 | M63: =SUM(E63:I63) -> 0
C64: государственные внебюджетные фонды Российской Федерации | E64: 0 | F64: 0 | G64: 0 | H64: 0 | I64: 0 | J64: 0 | K64: 0 | L64: 0 | M64: 0
C65: территориальные государственные внебюджетные фонды | E65: 0 | F65: 0 | G65: 0 | H65: 0 | I65: 0 | J65: 0 | K65: 0 | L65: 0 | M65: 0
C66: иные внебюджетные источники | E66: 0 | F66: 0 | G66: 0 | H66: 0 | I66: 0 | J66: 0 | K66: 0 | L66: 0 | M66: 0
A67: 1.1.3. | B67: Обеспечение доступа к сети Интернет органов исполнительной власти Приморского края | C67: всего: | D67: 755 | E67: =SUM(E68:E73) -> 3000 | F67: =SUM(F68:F73) -> 3090 | G67: =SUM(G68:G73) -> 11.53 | H67: =SUM(H68:H73) -> 0 | I67: =SUM(I68:I73) -> 0 | J67: =SUM(J68:J73) -> 0 | K67: =SUM(K68:K73) -> 0 | L67: =SUM(L68:L73) -> 0 | M67: =SUM(E67:I67) -> 6101.53
C68: федеральный бюджет | E68: 0 | F68: 0 | G68: 0 | H68: 0 | I68: 0 | J68: 0 | K68: 0 | L68: 0 | M68: =SUM(E68:I68) -> 0
C69: краевой бюджет | D69: 755 | E69: ='Приложение 5'!H37 -> 3000 | F69: ='Приложение 5'!I38 -> 3090 | G69: ='Приложение 5'!J38 -> 11.53 | H69: ='Приложение 5'!K38 -> 0 | I69: ='Приложение 5'!L38 -> 0 | J69: ='Приложение 5'!M38 -> 0 | K69: ='Приложение 5'!N38 -> 0 | L69: ='Приложение 5'!O38 -> 0 | M69: =SUM(E69:I69) -> 6101.53
C70: бюджет муниципальных образований | E70: 0 | F70: 0 | G70: 0 | H70: 0 | I70: 0 | J70: 0 | K70: 0 | L70: 0 | M70: =SUM(E70:I70) -> 0
C71: государственные внебюджетные фонды Российской Федерации | E71: 0 | F71: 0 | G71: 0 | H71: 0 | I71: 0 | J71: 0 | K71: 0 | L71: 0 | M71: 0
C72: территориальные государственные внебюджетные фонды | E72: 0 | F72: 0 | G72: 0 | H72: 0 | I72: 0 | J72: 0 | K72: 0 | L72: 0 | M72: 0
C73: иные внебюджетные источники | E73: 0 | F73: 0 | G73: 0 | H73: 0 | I73: 0 | J73: 0 | K73: 0 | L73: 0 | M73: 0
A74: 1.2. | B74: Основное мероприятие 2. Организация предоставления государственных и муниципальных услуг в многофункциональных центрах Приморского края | C74: всего: | E74: =SUM(E75:E80) -> 152050 | F74: =SUM(F75:F80) -> 263059.74 | G74: =SUM(G75:G80) -> 527896.65 | H74: =SUM(H75:H80) -> 585937.23 | I74: =SUM(I75:I80) -> 624166.49 | J74: =SUM(J75:J80) -> 258509.84 | K74: =SUM(K75:K80) -> 258509.84 | L74: =SUM(L75:L80) -> 258509.84 | M74: =SUM(E74:L74) -> 2928639.6
C75: федеральный бюджет | E75: =E82+E89+E96+E103+E110+E117 -> 0 | F75: =F82+F89+F96+F103+F110+F117 -> 49220.58 | G75: =G82+G89+G96+G103+G110+G117 -> 37274.6 | H75: =H82+H89+H96+H103+H110+H117 -> 0 | I75: =I82+I89+I96+I103+I110+I117 -> 0 | J75: =J82+J89+J96+J103+J110+J117 -> 0 | K75: =K82+K89+K96+K103+K110+K117 -> 0 | L75: =L82+L89+L96+L103+L110+L117 -> 0 | M75: =SUM(E75:L75) -> 86495.18
C76: краевой бюджет | E76: ='Приложение 5'!H40 -> 152050 | F76: ='Приложение 5'!I40 -> 163636.3 | G76: ='Приложение 5'!J40 -> 340535.76 | H76: ='Приложение 5'!K39 -> 333113.43 | I76: ='Приложение 5'!L39 -> 378711.94 | J76: ='Приложение 5'!M39 -> 158509.84 | K76: ='Приложение 5'!N39 -> 158509.84 | L76: ='Приложение 5'!O39 -> 158509.84 | M76: =SUM(E76:L76) -> 1843576.9
C77: бюджет муниципальных образований | E77: =E84+E91+E98+E105+E112+E119 -> 0 | F77: =F84+F91+F98+F105+F112+F119 -> 50202.86 | G77: =G84+G91+G98+G105+G112+G119 -> 150086.29 | H77: =H84+H91+H98+H105+H112+H119 -> 252823.8 | I77: =I84+I91+I98+I105+I112+I119 -> 245454.55 | J77: =J84+J91+J98+J105+J112+J119 -> 100000 | K77: =K84+K91+K98+K105+K112+K119 -> 100000 | L77: =L84+L91+L98+L105+L112+L119 -> 100000 | M77: =SUM(E77:L77) -> 998567.5
C78: государственные внебюджетные фонды Российской Федерации | E78: 0 | F78: 0 | G78: 0 | H78: 0 | I78: 0 | J78: 0 | K78: 0 | L78: 0 | M78: 0
C79: территориальные государственные внебюджетные фонды | E79: 0 | F79: 0 | G79: 0 | H79: 0 | I79: 0 | J79: 0 | K79: 0 | L79: 0 | M79: 0
C80: иные внебюджетные источники | E80: 0 | F80: 0 | G80: 0 | H80: 0 | I80: 0 | J80: 0 | K80: 0 | L80: 0 | M80: 0
A81: 1.2.1. | B81: Предоставление субсидий краевым государственным автономным учреждениям на финансовое обеспечение выполнения государственного задания | C81: всего: | D81: 755 | E81: =SUM(E82:E87) -> 14000 | F81: =SUM(F82:F87) -> 36186.3 | G81: =SUM(G82:G87) -> 48267.76 | H81: =SUM(H82:H87) -> 49375.34 | I81: =SUM(I82:I87) -> 56635.64 | J81: =SUM(J82:J87) -> 48009.84 | K81: =SUM(K82:K87) -> 48009.84 | L81: =SUM(L82:L87) -> 48009.84 | M81: =SUM(E81:L81) -> 348494.56
C82: федеральный бюджет | E82: 0 | F82: 0 | G82: 0 | H82: 0 | I82: 0 | J82: 0 | K82: 0 | L82: 0 | M82: =SUM(E82:I82) -> 0
C83: краевой бюджет | D83: 755 | E83: ='Приложение 5'!H42 -> 14000 | F83: ='Приложение 5'!I43 -> 36186.3 | G83: ='Приложение 5'!J43 -> 48267.76 | H83: ='Приложение 5'!K44 -> 49375.34 | I83: ='Приложение 5'!L44 -> 56635.64 | J83: ='Приложение 5'!M44 -> 48009.84 | K83: ='Приложение 5'!N44 -> 48009.84 | L83: ='Приложение 5'!O44 -> 48009.84 | M83: =SUM(E83:L83) -> 348494.56
C84: бюджет муниципальных образований | E84: 0 | F84: 0 | G84: 0 | H84: 0 | I84: 0 | J84: 0 | K84: 0 | L84: 0 | M84: =SUM(E84:I84) -> 0
C85: государственные внебюджетные фонды Российской Федерации | E85: 0 | F85: 0 | G85: 0 | H85: 0 | I85: 0 | J85: 0 | K85: 0 | L85: 0 | M85: 0
C86: территориальные государственные внебюджетные фонды | E86: 0 | F86: 0 | G86: 0 | H86: 0 | I86: 0 | J86: 0 | K86: 0 | L86: 0 | M86: 0
C87: иные внебюджетные источники | E87: 0 | F87: 0 | G87: 0 | H87: 0 | I87: 0 | J87: 0 | K87: 0 | L87: 0 | M87: 0
A88: 1.2.2. | B88: Предоставление субсидии краевым государственным автономным учреждениям на иные цели, не связанные с финансовым обеспечением выполнения государственного задания | C88: всего: | D88: 755 | E88: =SUM(E89:E94) -> 84050 | F88: =SUM(F89:F94) -> 18114.28 | G88: =SUM(G89:G94) -> 12800 | H88: =SUM(H89:H94) -> 14800 | I88: =SUM(I89:I94) -> 19676.3 | J88: =SUM(J89:J94) -> 10500 | K88: =SUM(K89:K94) -> 10500 | L88: =SUM(L89:L94) -> 10500 | M88: =SUM(E88:L88) -> 180940.58
C89: федеральный бюджет | D89: 755 | E89: 0 | F89: 7804.28 | G89: 0 | H89: 0 | I89: 0 | J89: 0 | K89: 0 | L89: 0 | M89: =SUM(E89:I89) -> 7804.28
C90: краевой бюджет | D90: 755 | E90: ='Приложение 5'!H45 -> 84050 | F90: ='Приложение 5'!I46+'Приложение 5'!I47 -> 10310 | G90: ='Приложение 5'!J46+'Приложение 5'!J47 -> 12800 | H90: ='Приложение 5'!K48+'Приложение 5'!K49 -> 14800 | I90: ='Приложение 5'!L48+'Приложение 5'!L49 -> 19676.3 | J90: ='Приложение 5'!M48+'Приложение 5'!M49 -> 10500 | K90: ='Приложение 5'!N48+'Приложение 5'!N49 -> 10500 | L90: ='Приложение 5'!O48+'Приложение 5'!O49 -> 10500 | M90: =SUM(E90:L90) -> 173136.3
C91: бюджет муниципальных образований | E91: 0 | F91: 0 | G91: 0 | H91: 0 | I91: 0 | J91: 0 | K91: 0 | L91: 0 | M91: =SUM(E91:I91) -> 0
C92: государственные внебюджетные фонды Российской Федерации | E92: 0 | F92: 0 | G92: 0 | H92: 0 | I92: 0 | J92: 0 | K92: 0 | L92: 0 | M92: 0
C93: территориальные государственные внебюджетные фонды | E93: 0 | F93: 0 | G93: 0 | H93: 0 | I93: 0 | J93: 0 | K93: 0 | L93: 0 | M93: 0
C94: иные внебюджетные источники | E94: 0 | F94: 0 | G94: 0 | H94: 0 | I94: 0 | J94: 0 | K94: 0 | L94: 0 | M94: 0
A95: 1.2.3. | B95: Предоставление субсидий из краевого бюджета бюджетам муниципальных образований Приморского края на мероприятия по созданию многофункциональных центров предоставления государственных и муниципальных услуг | C95: всего: | D95: 755 | E95: =SUM(E96:E101) -> 54000 | F95: =SUM(F96:F101) -> 167342.86 | G95: =SUM(G96:G101) -> 186954.29 | H95: =SUM(H96:H101) -> 34285.71 | I95: =SUM(I96:I101) -> 0 | J95: =SUM(J96:J101) -> 0 | K95: =SUM(K96:K101) -> 0 | L95: =SUM(L96:L101) -> 0 | M95: =SUM(E95:L95) -> 442582.86
C96: федеральный бюджет | E96: 0 | F96: 0 | G96: 0 | H96: 0 | I96: 0 | J96: 0 | K96: 0 | L96: 0 | M96: =SUM(E96:I96) -> 0
C97: краевой бюджет | D97: 755 | E97: ='Приложение 5'!H50 -> 54000 | F97: ='Приложение 5'!I51 -> 117140 | G97: ='Приложение 5'!J51 -> 130868 | H97: ='Приложение 5'!K52 -> 24000 | I97: ='Приложение 5'!L52 -> 0 | J97: ='Приложение 5'!M52 -> 0 | K97: ='Приложение 5'!N52 -> 0 | L97: ='Приложение 5'!O52 -> 0 | M97: =SUM(E97:L97) -> 326008
C98: бюджет муниципальных образований | E98: 0 | F98: =F97*30/70 -> 50202.86 | G98: =G97*30/70 -> 56086.29 | H98: =H97*30/70 -> 10285.71 | I98: =I97*30/70 -> 0 | J98: =J97*30/70 -> 0 | K98: =K97*30/70 -> 0 | L98: =L97*30/70 -> 0 | M98: =SUM(E98:I98) -> 116574.86
C99: государственные внебюджетные фонды Российской Федерации | E99: 0 | F99: 0 | G99: 0 | H99: 0 | I99: 0 | J99: 0 | K99: 0 | L99: 0 | M99: 0
C100: территориальные государственные внебюджетные фонды | E100: 0 | F100: 0 | G100: 0 | H100: 0 | I100: 0 | J100: 0 | K100: 0 | L100: 0 | M100: 0
C101: иные внебюджетные источники | E101: 0 | F101: 0 | G101: 0 | H101: 0 | I101: 0 | J101: 0 | K101: 0 | L101: 0 | M101: 0
A102: 1.2.4. | B102: Предоставление из краевого бюджета бюджетам муниципальных образований Приморского края иных межбюджетных трансфертов, источником финансового обеспечения которых являются иные межбюджетные трансферты из федерального бюджета на завершение работ по созданию сети многофункциональных центров предоставления государственных и муниципальных услуг | C102: всего: | D102: 755 | E102: 0 | F102: =F103 -> 41416.3 | G102: =G103 -> 37274.6 | H102: 0 | I102: 0 | J102: 0 | K102: =K103 -> 0 | L102: =L103 -> 0 | M102: =SUM(E102:I102) -> 78690.9
C103: федеральный бюджет | D103: 755 | E103: 0 | F103: 41416.3 | G103: 37274.6 | H103: 0 | I103: 0 | J103: 0 | K103: 0 | L103: 0 | M103: =SUM(E103:I103) -> 78690.9
C104: краевой бюджет | E104: ='Приложение 5'!H53 -> 0 | F104: ='Приложение 5'!I53 -> 0 | G104: ='Приложение 5'!J53 -> 0 | H104: ='Приложение 5'!K53 -> 0 | I104: ='Приложение 5'!L53 -> 0 | J104: ='Приложение 5'!M53 -> 0 | K104: ='Приложение 5'!N53 -> 0 | L104: ='Приложение 5'!O53 -> 0 | M104: =SUM(E104:I104) -> 0
...
